 Dungeon Crawl Stone Soup version 0.17-a0-1954-g0dddeaa (webtiles) character file.

10 achirane the Ruffian (level 2, 0/26 HPs)
             Began as a Troll Transmuter on Oct 3, 2015.
             Slain by an adder (2 damage)
             ... on level 2 of the Dungeon.
             The game lasted 00:01:50 (296 turns).

achirane the Ruffian (Troll Transmuter)              Turns: 296, Time: 00:01:50

Health: 0/26       AC:  5    Str: 17    XL:     2   Next: 10%
Magic:  2/2        EV:  9    Int:  9    God:
Gold:   40         SH:  0    Dex: 10    Spells: 1 memorised, 2 levels left

rFire  . . .     SeeInvis .       - Unarmed
rCold  . . .     Clarity  .     b - +0 robe
rNeg   . . .     SustAt   .     (no shield)
rPois  .         Gourm    +     (helmet restricted)
rElec  .         Spirit   .     (no cloak)
rCorr  .         Warding  .     (gloves unavailable)
rMut   .         Stasis   .     (boots unavailable)
MR     .....                    (no amulet)
Stlth  +.........               (no ring)
                                (no ring)

@: lethally poisoned (0 -> 0), not resistant to hostile enchantments, very
unstealthy
A: unfitting armour, claws 3, fast metabolism 3, gourmand, regeneration 2,
shaggy fur 1, tough skin 2
a: no special abilities


You were on level 2 of the Dungeon.
You were not hungry.

You visited 1 branch of the dungeon, and saw 2 of its levels.

You collected 40 gold pieces.

Inventory:

Missiles
 a - 24 arrows
Armour
 b - a +0 robe (worn)
Scrolls
 g - a scroll of fog {unknown}
 h - a scroll of identify {unknown}
Potions
 e - a potion of magic {unknown}
Books
 c - a book of Changes
Comestibles
 d - 2 bread rations {@e1}
 f - 2 fruits
 i - a beef jerky


   Skills:
 - Level 0.7 Fighting
 - Level 1.5 Dodging
 + Level 3.3 Unarmed Combat
 - Level 1.2 Spellcasting
 + Level 1.8 Transmutations


You had 2 spell levels left.
You knew the following spells:

 Your Spells              Type           Power        Failure   Level  Hunger
a - Beastly Appendage     Trmt           #.....       17%         1    ##.....


Dungeon Overview and Level Annotations

Branches:
Dungeon (2/15)

Altars:


Innate Abilities, Weirdness & Mutations

You are too large for most types of armour.
You have claws for hands.
Your metabolism is lightning-fast.
You like to eat raw meat.
You heal very quickly.
You are covered in fur (AC +1).
You have very tough skin (AC +2).


Message History

You claw the rat!
You kill the rat!
Found a stone staircase leading down.
You see here a club.
a - 24 arrows (gained 12)
A rat comes into view.
A rat is nearby!
You scratch the rat.
You kill the rat!
Found a stone staircase leading down.
You see here a rat corpse.
You now have 10 gold pieces.
You now have 13 gold pieces (gained 3).
A kobold comes into view. It is wielding a club.
A kobold is nearby!
A kobold is nearby!
The kobold hits you but does no damage.
You completely miss the kobold. You closely miss the kobold.
The kobold barely misses you.
You claw the kobold!
You kill the kobold!
You have reached level 2!
Health restored: 26; MP restored: 2 A kobold comes into view.
The kobold shouts!
A kobold is nearby!
Found a stone staircase leading down.
The kobold barely misses you.
You claw the kobold!
You kill the kobold!
You see here a kobold corpse.
There is a stone staircase leading down here.
You climb downwards.
There is a stone staircase leading up here.
Read which item? (? for menu, Esc to quit)
Okay, then.
You now have 26 gold pieces (gained 13).
As you open the door, it creaks loudly!
There is an open door here.
You open the door.
There is an open door here.
A kobold comes into view.
The kobold shouts!
A kobold is nearby!
A kobold is nearby!
h - a scroll labeled AQOW GOAVOEJ You open the door.
The kobold hits you but does no damage.
You claw the kobold!
You kill the kobold!
There is an open door here.
You see here a kobold corpse.
You now have 40 gold pieces (gained 14).
You found a teleport trap!
i - a beef jerky An adder comes into view.
You see here 11 gold pieces.
An adder is nearby!
You barely miss the adder. The adder bites you.
You take 2 damage, and have 24/26 hp.
You scratch the adder but do no damage. The adder bites you but does no damage.
You completely miss the adder. The adder bites you.
You take 3 damage, and have 21/26 hp.
You completely miss the adder. The adder bites you but does no damage.
The adder barely misses you.
You closely miss the adder. The adder bites you but does no damage.
You miss the adder. The adder bites you.
You take 4 damage, and have 17/26 hp.
You miss the adder. The adder bites you.
You are poisoned.
The adder poisons you!
You take 1 damage, and have 16/26 hp.
You barely miss the adder.
You feel sick. The adder barely misses you. The adder bites you.
You take 2 damage, and have 14/26 hp.
You miss the adder. The adder bites you but does no damage.
You closely miss the adder.
You feel sick. The adder bites you but does no damage.
You barely miss the adder. The adder closely misses you.
You miss the adder. The adder bites you.
You take 2 damage, and have 12/26 hp.
You completely miss the adder. The adder bites you but does no damage.
The adder bites you but does no damage.
You miss the adder.
You feel sick. The adder barely misses you.
You take 1 damage, and have 11/26 hp.
You barely miss the adder. The adder bites you.
You take 2 damage, and have 9/26 hp.
You claw the adder!
The adder is almost dead.
The adder closely misses you.
You scratch the adder.
The adder is almost dead.
The adder bites you.
* * * LOW HITPOINT WARNING * * *
You take 2 damage, and have 7/26 hp.
You completely miss the adder.
The adder is almost dead.
You feel sick. The adder bites you.
* * * LOW HITPOINT WARNING * * *
The adder bites you.
You die...

#.###.. .... +#
.... ..#...####
.#+###.####...$....
..........#......#
# #.......#
#......#.#
#.......#
#......#.##
##'###..#
#.^........ #.#
#..# #....?.#####.#
#.#
#.†#+#.....@S.....#
##.#
#........$.######.#
...#
#...............#
####
#......##...###.#
#......+......
#......##..(..#
#.....#..........#
#.##.##.####..#..#
###.##.##.# .=.....


You could see an adder.

Vanquished Creatures
  A goblin (D:1)
  3 jackals (D:1)
  5 kobolds
  2 rats (D:1)
11 creatures vanquished.

Notes
Turn   | Place    | Note
--------------------------------------------------------------
     0 | D:1      | achirane the Troll Transmuter began the quest for the Orb.
     0 | D:1      | Reached XP level 1. HP: 18/18 MP: 1/1
   177 | D:1      | Reached XP level 2. HP: 26/26 MP: 2/2
   296 | D:2      | HP: 6/26 [poisoned by an adder]
   296 | D:2      | HP: 2/26 [adder (4)]
   296 | D:2      | Slain by an adder

Vault maps used:
D:1:      saegor_arrival_simple_f, serial_park_tiny_1, kennysheep_pointless_box
D:2:      evilmike_ruin_ashenzari

Action                   || total
-------------------------++-------
Melee: Unarmed           ||    39

Vault maps used:
D:1:      saegor_arrival_simple_f, serial_park_tiny_1, kennysheep_pointless_box
D:2:      evilmike_ruin_ashenzari

Table legend:
 A = Turns spent in this place as a percentage of turns spent in the entire game.
 B = Non-inter-level travel turns spent in this place as a percentage of non-inter-level travel turns spent in the entire game.
 C = Inter-level travel turns spent in this place as a percentage of turns spent in this place.
 D = Turns resting spent in this place as a percentage of non-inter-level travel turns spent in this place.
 E = Turns spent auto-exploring this place as a percentage of non-inter-level travel turns spent in this place.
 F = Non-inter-level travel turns spent in this place divided by the number of levels of this place that you've seen.
                   A       B       C       D       E      F
               +-------+-------+-------+-------+-------+----------------------
         Total | 100.0 | 100.0 |   0.0 |   0.0 |  12.5 |  56.0
       Dungeon | 100.0 | 100.0 |   0.0 |   0.0 |  12.5 |  56.0
               +-------+-------+-------+-------+-------+----------------------

Table legend:
 A = Kills in this place as a percentage of kills in entire the game.
 B = Kills by you in this place as a percentage of kills by you in the entire game.
 C = Kills by friends in this place as a percentage of kills by friends in the entire game.
 D = Other kills in this place as a percentage of other kills in the entire game.
 E = Experience gained in this place as a percentage of experience gained in the entire game.
 F = Experience gained in this place divided by the number of levels of this place that you have seen.
                   A       B       C       D       E      F
               +-------+-------+-------+-------+-------+----------------------
         Total | 100.0 | 100.0 |  -nan |  -nan | 100.0 |   7.5
       Dungeon | 100.0 | 100.0 |  -nan |  -nan | 100.0 |   7.5
               +-------+-------+-------+-------+-------+----------------------
